 Dungeon Crawl Stone Soup version 0.32-a0-791-gfc315c9ecd (webtiles) character file.

Game seed: 8714936422963135855

8073 ezpacito the Chopper (level 11, -5/84 HPs)
             Began as a Coglin Chaos Knight on Mar 20, 2024.
             Was a Plaything of Xom.
             Slain by a chaos spawn (11 damage)
             ... summoned by a kobold demonologist
             ... on level 9 of the Dungeon on Mar 21, 2024.
             The game lasted 00:18:11 (10170 turns).

ezpacito the Chopper (Coglin Chaos Knight)         Turns: 10170, Time: 00:18:11

Health: -5/84      AC: 13    Str: 16    XL:     11   Next: 25%
Magic:  1/7        EV: 12    Int: 15    God:    Xom [...*..]
Gold:   1208       SH:  4    Dex: 13    Spells: 0/17 levels left

rFire   . . .        B - +6 mace "Ucsa" {holy, rPois MP-9 Int+2}
rCold   . . .        a - +3 hand axe (chaos) {Surjit}
rNeg    . . .        w - +1 swamp dragon scales
rPois   +            (no helmet)
rElec   .            v - +0 cloak
rCorr   .            (no gloves)
SInv    .            (no boots)
Will    .....        (amulet unavailable)
Stlth   ++           (ring unavailable)
HPRegen 0.34/turn    (ring unavailable)
MPRegen 0.10/turn    (no gizmo)

%: no passive effects
@: revved
A: off-hand wielding, slow wielding, warmup strikes, no jewellery, iridescent
scales 1, large bone plates 1, sense surroundings 1, screaming 1, wild magic 1
a: Invent Gizmo, Renounce Religion


You were on level 9 of the Dungeon.
You worshipped Xom.
You were a favourite toy of Xom.
You visited 1 branch of the dungeon, and saw 9 of its levels.
You also visited: Ossuary and Bailey.

You collected 1352 gold pieces.
You spent 144 gold pieces at shops.

Inventory:

Hand Weapons
 a - a +3 hand axe of chaos (offhand) {Surjit}
 h - a +2 heavy hand axe
 u - a +0 trident
 y - a +0 broad axe
 B - the +6 mace "Ucsa" (weapon) {holy, rPois MP-9 Int+2}
   (You found it on level 6 of the Dungeon)

   Int+2:     It affects your intelligence (+2).
   rPois:     It protects you from poison.
   MP-9:      It affects your magic capacity (-9).
Missiles
 b - 12 curare-tipped darts
 g - 19 boomerangs
 o - 4 darts of dispersal (quivered)
 p - 43 poisoned darts
 E - 8 atropa-tipped darts
Armour
 v - a +0 cloak (worn)
 w - +1 swamp dragon scales (worn)
Magical Staves
 e - a staff of cold
Wands
 l - a wand of acid (4)
 r - a wand of mindburst (5)
Scrolls
 d - 5 scrolls of poison
 i - a scroll of fear {unknown}
 m - 2 scrolls of amnesia
 s - a scroll of torment
 t - 3 scrolls of teleportation
 x - a scroll of fog
 A - a scroll of immolation
Potions
 c - 2 potions of brilliance
 j - 2 potions of enlightenment
 C - a potion of attraction
 F - 3 potions of mutation
 H - 2 potions of lignification
 I - 2 potions of berserk rage


   Skills:
 * Level 7.4 Fighting
 * Level 7.5(8.1) Axes
 + Level 4.3(6.2) Polearms
 * Level 6.5 Armour
 * Level 6.2 Dodging
 + Level 4.4 Stealth
 + Level 3.7 Spellcasting
 + Level 3.0 Necromancy
 + Level 3.2 Alchemy
 + Level 4.8 Evocations


You couldn't memorise any spells.
You knew the following spells:

 Your Spells              Type           Power      Damage    Failure   Level
a - Alistair's Intoxicat  Alch           10%        N/A       96%         5
b - Eringya's Noxious Bo  Alch           8%         4d6       100%        6
c - Necrotise             Necr           60%        1d7       14%         1
d - Sting                 Conj/Alch      36%        1d5       24%         1
e - Fugue of the Fallen   Necr           15%        N/A       36%         3
g - Apportation           Tloc           6%         N/A       41%         1

Your spell library contained the following spells:

 Spells                   Type           Power      Damage    Failure   Level
 Kiss of Death            Conj/Necr      36%        2d8       24%         1
 Freeze                   Ice            12%        1d3       41%         1
 Summon Small Mammal      Summ           12%        N/A       41%         1
 Frozen Ramparts          Ice            6%         1d1       75%         3
 Hailstorm                Conj/Ice       3%         3d5       75%         3
 Tukima's Dance           Hex            3%         N/A       75%         3
 Animate Dead             Necr           15%        N/A       75%         4
 Passage of Golubria      Tloc           3%         N/A       98%         4
 Vhi's Electric Charge    Tloc/Air       6%         N/A       98%         4
 Borgnjor's Vile Clutch   Necr/Erth      4%         N/A       99%         5
 Yara's Violent Unravell  Hex/Alch       4%         3d4       99%         5
 Arcjolt                  Conj/Air       1%         1d11      100%        5
 Freezing Cloud           Conj/Ice/Air   1%         6-21      100%        5
 Maxwell's Capacitive Co  Air            1%         ∞         100%        8


Dungeon Overview and Level Annotations

Branches:
Dungeon (9/15)             Temple (0/1) D:4         Ossuary (visited)
 Bailey (visited)
   Lair: D:8-11         Orc: D:9-12

Altars:
Fedhas
Kikubaaqudgha
Qazlal
Sif Muna
Uskayaw

Shops:
D:4 *

Annotations:
D:9 1 transporter


Innate Abilities, Weirdness & Mutations

You can wield a second weapon in your off-hand.
It takes a long time for you to wield or remove held weapons.
Your first few attacks do less damage.
You cannot equip rings or amulets.
You are partially covered in iridescent scales. (AC +2)
You are partially covered in large bone plates. (SH +4)
You passively map a small area around you.
You occasionally shout uncontrollably at your foes.
Your spells are a little harder to cast, but a little more powerful.


Message History

You hit the chaos spawn with your +3 hand axe of chaos.
You hit the shadow imp with your +3 hand axe of chaos.
Lightning courses through the shadow imp!
You kill the shadow imp!
The shadow imp disappears in a puff of smoke!
The kobold demonologist hits your kobold with a +0 dagger.
Your kobold dies!
Your kobold's corpse dissolves into shadows!
The crimson imp blinks!
Your kobold closely misses the orange demon.
Your kobold hits the chaos spawn with a +0 club.
Your kobold brigand throws a poisoned dart.
The poisoned dart closely misses the kobold demonologist.
The poisoned dart hits your acid dragon!
The kobold demonologist casts a spell.
The chaos spawn barely misses you.
You barely miss the chaos spawn with the +6 mace "Ucsa".
The chaos spawn is moderately wounded.
You hit the chaos spawn with your +3 hand axe of chaos.
The chaos spawn seems to slow down.
Your kobold completely misses the chaos spawn.
Your acid dragon bites the chaos spawn!
Your acid dragon closely misses the chaos spawn.
Your kobold brigand throws a poisoned dart.
The poisoned dart hits the kobold demonologist!
The kobold demonologist looks as sick as possible!
The kobold demonologist looks satisfied for a moment.
The orange demon stings your acid dragon!
The orange demon hits your acid dragon but does no damage.
The hellwing misses your kobold brigand.
The hellwing barely misses your kobold brigand.
You hit the chaos spawn but do no damage.
The chaos spawn is severely wounded.
You hit the chaos spawn with your +3 hand axe of chaos.
The chaos spawn suddenly seems more resistant.
The chaos spawn punches you.
* * * LOW HITPOINT WARNING * * *
You are engulfed in flames!
You die...
Xom thinks this is hilarious!

# #..........#...#
#######.#####.##.#.#.#
[##..................#
.##.###############..##
.##.#ß~#....).5#Pß#...#
.##.#P.#≈≈≈≈≈≈≈#.~#.#.#
.<..#$[#..§~~..#K.#...#
...©#©)+..~♣~KKD4©#©..#
....#$$#..~~~K4#@.#..##
..#.#P.#≈≈≈5≈≈4#.~#.##
..#.#ßP#.....Kt#Pß#.#
..#.###############.#
..#.................#
#.#..######.##.######
#.#.........##.#
..#.#..........#
......##########


You could see a fire crab, an orange demon (summoned), a hellwing (summoned), 2
kobold demonologists, a chaos spawn (summoned, resistant, slow, ally target), a
crimson imp (summoned), a shadow imp (summoned), a friendly acid dragon
(summoned), a friendly kobold brigand (summoned) and 2 friendly kobolds.

Vanquished Creatures
  The ghost of warriortoast the Destroyer, a novice DrCj of Yredelemnul (D:9)
  A fire crab (D:9)
  3 kobold demonologists (D:9)
  The ghost of Jefftoothebobb the Slasher, an amateur DsGl (D:7)
  Prince Ribbit (D:7)
  Sigmund (D:2)
  A steam dragon (D:7)
  4 vampire mosquitoes (D:9)
  2 water moccasins
  2 ice beasts
  4 orc warriors
  A sky beast (D:7)
  An ogre (D:5)
  5 centaurs
  2 phantoms
  A weeping skull (Ossuary)
  5 kobold brigands
  A gnoll sergeant (D:8)
  2 scorpions (D:6)
  3 bullfrogs
  A water moccasin zombie (D:4)
  A burial acolyte (Ossuary)
  6 wights
  6 killer bees (D:8)
  A howler monkey (D:5)
  3 bombardier beetles
  2 bullfrog zombies (D:4)
  2 hounds (D:6)
  A gnoll bouda (D:7)
  2 human zombies
  3 sleepcaps
  Crazy Yiuf (D:2)
  13 orc priests
  A jelly (D:5)
  Terence (D:2)
  2 iguanas
  10 orc wizards
  A hound zombie (D:4)
  4 mummies (Ossuary)
  A howler monkey skeleton (D:4)
  21 gnolls
  15 adders
  2 shadow imps (D:4)
  3 white imps
  2 ufetubi (D:6)
  An adder zombie (D:4)
  2 dart slugs
  42 orcs
  4 ball pythons
  6 endoplasms
  4 giant cockroaches
  2 gnoll zombies (Ossuary)
  6 goblins
  6 hobgoblins
  20 kobolds
  7 quokkas
  5 bats
  3 frilled lizards
  5 kobold zombies (Ossuary)
  A quokka zombie (D:4)
  4 rats
265 creatures vanquished.

Vanquished Creatures (collateral kills)
  The ghost of RandomusNamus the Ruffian, an amateur TrSh (D:4)
  A gnoll sergeant (D:9)
2 creatures vanquished.

Vanquished Creatures (others)
  A phantom (D:4)
  An orc zombie (D:9)
2 creatures vanquished.

Grand Total: 269 creatures vanquished

Notes
Turn   | Place    | Note
-------+----------+-------------------------------------------
     0 | D:1      | ezpacito the Coglin Chaos Knight began the quest for the
                  | Orb.
     0 | D:1      | Reached XP level 1. HP: 18/18 MP: 1/1
    61 | D:1      | Reached skill level 1 in Dodging
   254 | D:1      | Found a faded altar of an unknown god.
   263 | D:1      | Reached XP level 2. HP: 24/24 MP: 2/2
   684 | D:1      | XOM: silly message
   937 | D:2      | XOM: divination: detect items
   970 | D:2      | Reached XP level 3. HP: 25/29 MP: 3/3
  1112 | D:2      | Noticed Terence
  1118 | D:2      | XOM: butterfly on damage
  1121 | D:2      | Killed Terence
  1122 | D:2      | Reached skill level 1 in Stealth
  1122 | D:2      | Reached XP level 4. HP: 35/35 MP: 4/4
  1269 | D:2      | Noticed Sigmund
  1273 | D:2      | Killed Sigmund
  1274 | D:2      | Reached skill level 1 in Polearms
  1274 | D:2      | Reached skill level 1 in Spellcasting
  1274 | D:2      | Reached XP level 5. HP: 42/42 MP: 4/6
  1274 | D:2      | Reached XP level 6. HP: 48/48 MP: 4/7
  1489 | D:2      | Found a runed translucent door.
  1490 | D:2      | Noticed Crazy Yiuf
  1760 | D:2      | Killed Crazy Yiuf
  1882 | D:3      | XOM: smoke on damage
  2200 | D:3      | XOM: enchant monster (good)
  2247 | D:3      | Gained mutation: You are frail. (-10% HP) [potion of
                  | mutation]
  2256 | D:3      | Reached XP level 7. HP: 6/48 MP: 8/8
  2301 | D:3      | XOM: 6-stop teleportation journey
  2306 | D:3      | XOM: stat loss: -1 Int (10/12)
  2378 | D:3      | XOM: stat loss: -1 Str (11/14)
  2592 | D:3      | XOM: draining
  2813 | D:3      | XOM: summons 4 hostile demons
  2814 | D:3      | Noticed an orange demon
  2898 | D:4      | Saving game... please wait.
  2973 | D:4      | Found Araqir's Elemental Accessories.
  3027 | D:4      | Found a staircase to the Ecumenical Temple.
  3103 | D:4      | XOM: stat loss: -1 Int (10/12)
  3109 | D:4      | XOM: divine lightning
  3123 | D:4      | Found an ancient bone altar of Kikubaaqudgha.
  3336 | D:4      | Reached XP level 8. HP: 52/52 MP: 10/10
  3380 | D:4      | XOM: give mutations
  3380 | D:4      | Gained mutation: Your flesh is heat resistant. (rF+) [Xom's
                  | mischief]
  3380 | D:4      | Gained mutation: You occasionally lose the ability to read
                  | scrolls when taking damage. [Xom's mischief]
  3380 | D:4      | Gained mutation: You have a pair of small antennae on your
                  | head. [Xom's mischief]
  3380 | D:4      | Lost mutation: Your flesh is heat resistant. (rF+) [Xom's
                  | mischief]
  3486 | D:4      | You fall into a shaft and drop 1 floor!
  3486 | D:5      | Entered Level 5 of the Dungeon
  3753 | D:4      | Found a runed translucent gate.
  3753 | D:4      | Found a runed translucent gate.
  3753 | D:4      | Found a runed translucent gate.
  3755 | D:4      | Noticed RandomusNamus's ghost (amateur TrSh)
  4391 | D:4      | Bought a wand of iceblast (6) for 144 gold pieces
  4412 | D:5      | Reached skill level 5 in Axes
  4418 | D:5      | Reached skill level 5 in Fighting
  4418 | D:5      | Reached skill level 1 in Evocations
  4543 | D:5      | XOM: smoke on damage
  4823 | D:5      | Found a shimmering blue altar of Sif Muna.
  4836 | D:5      | Got Sif Muna's Directory of the Graveyard
  4887 | D:5      | XOM: swap monsters
  5058 | D:6      | Identified the +6 mace "Ucsa" {holy, rPois MP-9 Int+2}
  5122 | D:6      | Reached XP level 9. HP: 57/61 MP: 3/12
  5198 | D:6      | XOM: scenery: 1 doors open, 1 doors close
  5284 | D:6      | XOM: noise
  5456 | D:6      | Lost mutation: You occasionally lose the ability to read
                  | scrolls when taking damage. [potion of mutation]
  5456 | D:6      | Lost mutation: You have a pair of small antennae on your
                  | head. [potion of mutation]
  5456 | D:6      | Gained mutation: Your spells are a little harder to cast,
                  | but a little more powerful. [potion of mutation]
  5456 | D:6      | Gained mutation: You are very frail. (-20% HP) [potion of
                  | mutation]
  5456 | D:6      | Gained mutation: Your system is resistant to poisons.
                  | (rPois) [potion of mutation]
  5457 | D:6      | Lost mutation: You are very frail. (-20% HP) [potion of
                  | mutation]
  5457 | D:6      | Lost mutation: Your system is resistant to poisons. (rPois)
                  | [potion of mutation]
  5457 | D:6      | Lost mutation: You are frail. (-10% HP) [potion of
                  | mutation]
  5457 | D:6      | Gained mutation: You occasionally shout uncontrollably at
                  | your foes. [potion of mutation]
  5457 | D:6      | Gained mutation: You passively map a small area around you.
                  | [potion of mutation]
  5457 | D:6      | Gained mutation: You are partially covered in iridescent
                  | scales. (AC +2) [potion of mutation]
  5457 | D:6      | Gained mutation: You are partially covered in large bone
                  | plates. (SH +4) [potion of mutation]
  5965 | D:6      | XOM: divination: detect creatures
  6025 | D:6      | XOM: scenery: 1 doors close
  6071 | D:6      | Learned a level 5 spell: Alistair's Intoxication
  6078 | D:6      | Learned a level 6 spell: Eringya's Noxious Bog
  6080 | D:6      | Learned a level 1 spell: Necrotise
  6082 | D:6      | Learned a level 1 spell: Sting
  6112 | D:7      | Found a flagged portal.
  6148 | D:7      | Found a blossoming altar of Fedhas.
  6199 | D:7      | Noticed Prince Ribbit
  6203 | D:7      | Noticed a +0 dagger
  6203 | D:7      | Noticed a +0 dagger
  6214 | D:7      | Killed Prince Ribbit
  6215 | D:7      | Reached skill level 5 in Armour
  6232 | D:7      | Found a hide-covered altar of Uskayaw.
  6336 | D:7      | Found a sand-covered staircase.
  6341 | Ossuary  | Entered an ossuary
  6400 | Ossuary  | Reached skill level 1 in Alchemy
  6413 | Ossuary  | Reached skill level 1 in Necromancy
  6612 | Bailey   | Entered a bailey
  6735 | Bailey   | Got Sif Muna's Verses on Evil Freezing
  6746 | Bailey   | Found an iron altar of Okawaru.
  6747 | Bailey   | XOM: polymorph kobold brigand -> hobgoblin
  6757 | Bailey   | Reached skill level 5 in Dodging
  6759 | Bailey   | Reached XP level 10. HP: 46/76 MP: 5/14
  7271 | D:7      | Found a runed translucent door.
  7276 | D:7      | Noticed Jefftoothebobb's ghost (amateur DsGl)
  7485 | D:7      | Found a stormy altar of Qazlal.
  7725 | D:7      | Killed Jefftoothebobb's ghost
  7832 | D:4      | XOM: cast spell 'Summon Ice Beast'
  7836 | D:4      | Killed RandomusNamus's ghost
  7893 | D:4      | XOM: smoke on damage
  7893 | D:4      | XOM: torment (40/77 hp)
  8056 | D:8      | XOM: blink monster(s)
  8062 | D:8      | XOM: smoke on damage
  8063 | D:8      | XOM: confusion (+ monsters)
  8533 | D:8      | XOM: 2-stop teleportation journey
  8537 | D:8      | XOM: 8-stop teleportation journey
  9039 | D:8      | XOM: stat loss: -1 Dex (12/13)
  9157 | D:9      | Found a transporter.
  9335 | D:9      | Found a large runed translucent door.
  9336 | D:9      | Found a large runed translucent door.
  9338 | D:9      | Noticed warriortoast's ghost (novice DrCj)
  9719 | D:9      | Found a transporter.
  9720 | D:9      | Noticed a kobold demonologist
  9720 | D:9      | Noticed a kobold demonologist
  9720 | D:9      | Noticed a kobold demonologist
  9722 | D:9      | Noticed a fire crab
  9746 | D:9      | Noticed a kobold demonologist
  9747 | D:9      | Noticed a fire crab
  9950 | D:9      | Noticed a kobold demonologist
 10044 | D:9      | Killed warriortoast's ghost
 10045 | D:9      | Reached XP level 11. HP: 84/84 MP: 7/16
 10055 | D:9      | Learned a level 3 spell: Fugue of the Fallen
 10057 | D:9      | Learned a level 1 spell: Apportation
 10144 | D:9      | XOM: potion effect (heal wounds)
 10145 | D:9      | XOM: blink monster(s)
 10149 | D:9      | Killed a fire crab
 10170 | D:9      | Slain by a chaos spawn

Illustrated notes

Levels and vault maps discovered:
D:1:      pf_arrival_petrified_forest, layout_basic,
          chequers_ecumenical_altar_simple, amcnicky_mini_pool_small
D:2:      layout_loops_ring, uniq_terence, uniq_crazy_yiuf_cottage, uniq_sigmund
D:3:      layout_basic
D:4:      layout_loops_cross, lemuel_mausoleum_altar_kikubaaqudgha,
          minmay_temple_entry_offerings, ebering_ghost_rock_garden,
          nicolae_elemental_shop
D:5:      layout_rooms, led_sif_book, st_stairs_13,
          amcnicky_mini_rare_corridor_liquid
D:6:      layout_basic
D:7:      kennysheep_six_static_rooms, layout_basic, dancing_weapons_uskayaw,
          mainiacjoe_overflow_cross_hatched, fedhas_altar_3, enter_ossuary_5,
          enter_bailey_4, ebering_ghost_reflecting_pool, uniq_prince_ribbit1
D:8:      layout_basic, chequers_serial_rivers_room_b, minivault_11
D:9:      gammafunk_wand_slinger, layout_loops_ring, ebering_ghost_disaster_area

Skill      XL: |  1  2  3  4  5  6  7  8  9 10 11 |
---------------+----------------------------------+-----
Dodging        | 1 2 3 4 5 6 |  6.2
Armour         | 2 3 4 5 6 |  6.5
Stealth        | 1 2 3 4 |  4.4
Polearms       | 1 2 3 4 |  4.3
Spellcasting   | 1 2 3 |  3.7
Fighting       | 4 5 6 7 |  7.4
Axes           | 4 5 6 7 |  7.5
Evocations     | 1 3 4 |  4.8
Alchemy        | 1 2 3 |  3.2
Necromancy     | 1 2 3 |  3.0

Action                     |  1- 3 |  4- 6 |  7- 9 | 10-12 || total
---------------------------+-------+-------+-------+-------++-------
  Melee: Hand axe          |    42 |    68 |   253 |   140 ||   503
         Dagger            |    43 |    72 |    77 |       ||   192
         Flail             |       |       |    66 |       ||    66
         Mace              |       |       |   128 |   150 ||   278
  Evoke: Wand              |       |       |     2 |    14 ||    16
    Use: Potion            |     1 |     8 |     5 |    14 ||    28
         Scroll            |       |     1 |    20 |     3 ||    24
   Stab: Sleeping          |     3 |       |     2 |     2 ||     7
         Paralysed         |     1 |       |       |     2 ||     3
         Confused          |       |     1 |     5 |       ||     6
         Petrified         |       |       |     1 |     2 ||     3
         Invisible         |       |       |       |     3 ||     3
 Armour: Leather armour    |    21 |    49 |       |       ||    70
         Swamp dragon scal |       |    30 |   194 |   160 ||   384
  Dodge: Dodged            |    23 |    39 |   173 |   117 ||   352
  Block: Other             |       |       |    18 |    36 ||    54

Table legend: (Time is in decaauts)
 A = Elapsed time spent in this place.
 B = Non-inter-level travel time spent in this place.
 C = Inter-level travel time spent in this place.
 D = Time resting spent in this place.
 E = Time spent auto-exploring this place.
 F = Levels seen in this place.
 G = Mean time per level.
                   A        B        C        D        E       F      G
               +--------+--------+--------+--------+--------+-----+--------+
         Total |  10158 |   9418 |    740 |    543 |   6962 |  11 |  923.5 |
       Dungeon |   9583 |   8843 |    740 |    543 |   6641 |   9 | 1064.8 |
       Ossuary |    232 |    232 |      0 |      0 |    162 |   1 |  232.0 |
        Bailey |    342 |    342 |      0 |      0 |    158 |   1 |  342.0 |
               +--------+--------+--------+--------+--------+-----+--------+

Top non-repeatable levels by time:
     D:4: 1462 daAuts
     D:3: 1314 daAuts
     D:7: 1148 daAuts
     D:6: 1123 daAuts
     D:8: 1121 daAuts
     D:9: 1008 daAuts
     D:1: 922 daAuts
     D:2: 876 daAuts
     D:5: 606 daAuts
  Bailey: 342 daAuts
 Ossuary: 232 daAuts
